Cogmind - Beta 13 @@@ ROGUE MODE // 2024.04.09 @ 11:36:22 Player: SovietPaperclip Result: Self-destructed Performance ------------- Evolutions (3) 1500 Regions Visited (7) 1400 Robots Destroyed (56) 280 Value Destroyed (1280) 1280 Prototype IDs (4) 80 Alien Tech Used (0) 0 Bonus (0) 0 TOTAL SCORE: 4540 Bonus ------- None Cogmind --------- Core Integrity 547/700 Matter 77/300 Energy 310/310 System Corruption 0% Temperature Cool (38) Movement Hovering (191) Ox2 Location -7/Factory Parts ------- > --- POWER (1) -------- Heavy Deuterium Engine > --- PROPULSION (5) --- Aerolev Unit Combat Airjet > --- UTILITY (4) ------ Cooling System Large Storage Unit Improved Signal Interpreter > --- WEAPON (3) ------- Gauss Rifle Mini Assault Cannon Mini Assault Cannon > --- INVENTORY (15) --- Improved Deuterium Engine High-capacity Storage Unit Compact Matter Pod (9) Improved Sensor Array Advanced Targeting Computer Improved Light Armor Plating Layered Light Armor Plating System Shield System Restoration Module EM Pulse Cannon EM Pulse Cannon EM Pulse Cannon Heavy Missile Launcher Powered Hammer Peak State ------------ > --- POWER ------------ Heavy Deuterium Engine > --- PROPULSION ------- Improved Hover Unit Aerolev Unit Aerolev Unit Combat Airjet Combat Airjet > --- UTILITY ---------- Large Storage Unit Improved Signal Interpreter Improved Light Armor Plating Layered Light Armor Plating > --- WEAPON ----------- Gauss Rifle Mini Assault Cannon Mini Assault Cannon > --- INVENTORY -------- Improved Deuterium Engine Cooling System High-capacity Storage Unit Compact Matter Pod Improved Sensor Array Advanced Targeting Computer Improved Light Armor Plating System Shield System Restoration Module EM Pulse Cannon EM Pulse Cannon EM Pulse Cannon Heavy Missile Launcher Powered Hammer [Rating: 54] Favorites ----------- Power Light Ion Engine Engine Light Ion Engine Power Core Light Nuclear Core Propulsion Aluminum Leg Leg Aluminum Leg Hover Unit Combat Airjet Utility Large Storage Unit Device Heat Sink Storage Large Storage Unit Processor Improved Signal Interpreter Protection Improved Light Armor Plating Weapon Gauss Rifle Energy Cannon Advanced Beam Cannon Ballistic Gun Gauss Rifle Ballistic Cannon Mini Assault Cannon Launcher Mini Grenade Launcher Impact Weapon Powered Hammer Build | -11 -10 -9 -9 -9 -8 -8 -7 ------- Run | Yrd Mat Mat Min Exi Min Mat Fac Slots Evolved 6 | . . 2 . . . 2 2 Power . | . . . . . . . . Propulsion 3 | . . 1 . . . . 2 Utility 2 | . . . . . . 2 . Weapon 1 | . . 1 . . . . . Parts Attached 81 | 7 3 4 2 2 13 17 33 Power 8 | 1 . . . . 1 3 3 Engine 7 | 1 . . . . 1 2 3 Core 1 | . . . . . . 1 . Reactor . | . . . . . . . . Propulsion 17 | 2 . 1 . . 4 4 6 Treads . | . . . . . . . . Leg 11 | 2 . 1 . . 4 4 . Wheel . | . . . . . . . . Hover 6 | . . . . . . . 6 Flight . | . . . . . . . . Utility 23 | 1 2 . . . 1 6 13 Device 9 | . 1 . . . 1 1 6 Storage 4 | 1 1 . . . . 1 1 Processor 1 | . . . . . . . 1 Hackware . | . . . . . . . . Protection 9 | . . . . . . 4 5 Artifact . | . . . . . . . . Weapon 33 | 3 1 3 2 2 7 4 11 Energy Gun . | . . . . . . . . Energy Cannon 3 | . . 2 . 1 . . . Ballistic Gun 18 | 3 1 1 . 1 4 4 4 Ballistic Cannon 3 | . . . . . . . 3 Launcher 5 | . . . 2 . 3 . . Special Weapon . | . . . . . . . . Impact Weapon 4 | . . . . . . . 4 Slashing Weapon . | . . . . . . . . Piercing Weapon . | . . . . . . . . Special Melee Weapon . | . . . . . . . . Unidentified Prototypes 3 | . . 1 . . . . 2 Parts Lost 16 | . . . . . 8 . 8 Power 2 | . . . . . 1 . 1 Propulsion 6 | . . . . . 3 . 3 Utility 2 | . . . . . 1 . 1 Weapon 6 | . . . . . 3 . 3 Highest Loss Streak 4 | . . . . . 4 . 4 To Critical Strikes . | . . . . . . . . Average Slot Usage (%) 98 | . 96 100 100 100 97 100 97 Engine 9 | . 14 11 11 11 10 9 6 Leg 24 | . 28 33 33 33 32 27 . Hover 7 | . . . . . . . 37 Device 9 | . 6 11 11 11 10 9 8 Storage 10 | . 18 11 11 11 11 9 7 Processor 1 | . . . . . . . 6 Protection 4 | . . . . . . 17 4 Energy Cannon 9 | . . 17 15 21 20 . . Ballistic Gun 16 | . 27 15 4 10 9 26 17 Launcher 1 | . . . 13 . 1 . . Naked Turns . | . . . . . . . . Heaviest Build 73 | 12 32 34 34 34 36 73 48 Greatest Support 47 | 20 20 30 30 30 30 47 47 Greatest Overweight (x) 3 | 3 1 1 1 1 1 1 1 Average Overweight (x) . | . . . . . 1 1 . Largest Inventory Capacity 20 | 8 15 15 15 15 15 20 20 Average Capacity 15 | 7 13 15 15 15 15 17 15 Most Carried 20 | 4 7 11 13 13 13 20 20 Average Carried 12 | 2 4 9 11 13 11 15 14 Final Capacity 20 | 8 15 15 15 15 15 20 15 Final Carried 20 | 2 7 11 13 13 11 20 14 Class Distribution -------------------- 26% | Gunner 23% | Tank 17% | Scavenger-Gunner 12% | Mutant 9% | Scavenger-Skirmisher 6% | Scavenger-Mutant Dominant Class ---------------- Mutant | -10/Materials Gunner | -9/Materials Gunner | -9/Mines Gunner | -9/Exiles Scavenger-Gunner | -8/Mines Tank | -8/Materials Scavenger-Skirmisher | -7/Factory Resources | -11 -10 -9 -9 -9 -8 -8 -7 ----------- Run | Yrd Mat Mat Min Exi Min Mat Fac Matter Collected 1835 | 209 107 55 221 . 333 346 564 Remotely . | . . . . . . . . Salvage Created 1617 | . 210 91 20 . 262 465 569 Parts 126 | . 22 13 . . 17 39 35 Haulers Intercepted 4 | . 1 . . . . 1 2 Recyclers Shooed 1 | . . . . . . . 1 Parts Field Recycled . | . . . . . . . . Retrieved Matter . | . . . . . . . . Parts Self-Destructed . | . . . . . . . . Prevented . | . . . . . . . . Kills | -11 -10 -9 -9 -9 -8 -8 -7 ------- Run | Yrd Mat Mat Min Exi Min Mat Fac Combat Hostiles Destroyed 40 | . 4 1 8 . 11 8 8 Melee 1 | . . . . . . . 1 Guns 17 | . 4 . . . 1 8 4 Cannons 10 | . . 1 1 . 5 . 3 AOE 12 | . . . 7 . 5 . . Classes Destroyed 15 | . 7 . 1 . 2 3 2 Worker 8 | . 1 . . . . 1 6 Builder 1 | . . . . . 1 . . Tunneler 1 | . 1 . . . . . . Hauler 4 | . 1 . . . . 1 2 Recycler 1 | . . . . . . . 1 Operator 3 | . 1 . . . . 1 1 Watcher 6 | . 1 3 . . . 2 . Swarmer 16 | . 3 . . . 7 3 3 Grunt 6 | . 1 1 . . 3 . 1 Brawler 1 | . . . . . 1 . . Sentry 3 | . . . . . . 2 1 Specialist 2 | . . . . . . 2 . Hunter 3 | . . . . . . 1 2 Programmer 1 | . . . . . . . 1 Assembled 8 | . . . 8 . . . . Best Kill Streak 5 | . 4 2 5 . 5 4 4 Combat Bots Only 5 | . 3 1 5 . 4 3 3 Max Kills in Single Turn 2 | . 1 2 2 . 2 2 2 Gunslinging . | . . . . . . . . Exploded 2 | . . . 2 . 2 . . Melee 1 | . . . . . . . 1 Uniques/NPCs Destroyed . | . . . . . . . . Combat | -11 -10 -9 -9 -9 -8 -8 -7 -------- Run | Yrd Mat Mat Min Exi Min Mat Fac Hostile Shots Fired 331 | . 18 6 10 . 70 44 183 Missed 101 | . 6 3 4 . 9 12 67 Damage Taken 3034 | . 100 37 149 . 956 342 1450 Core 437 | . 16 . 52 . 190 26 153 Absorbed by Shields . | . . . . . . . . Core Remaining (%) 81 | 100 93 . . . 39 95 . Volleys Fired 134 | . 22 8 8 . 31 31 34 Largest 3 | . 2 3 3 . 3 3 3 Hottest 169 | . 40 156 128 . 169 84 124 Shots Fired 353 | . 44 24 20 . 84 93 88 Gun 226 | . 44 14 . . 21 93 54 Cannon 107 | . . 10 8 . 55 . 34 Launcher 20 | . . . 12 . 8 . . Special . | . . . . . . . . Kinetic 260 | . 44 14 . . 21 93 88 Thermal 73 | . . 10 8 . 55 . . Explosive 20 | . . . 12 . 8 . . Electromagnetic . | . . . . . . . . Robot Hit Streak 11 | . 4 2 2 . 10 7 11 Robot Miss Streak 5 | . 5 4 1 . 3 4 3 Penetration Max 1 | . . . . . . 1 1 Secondary Targets 2 | . 1 . . . . 1 . Max Gunslinging Chain 1 | . 1 . . . . 1 . Shots Hit Robots 178 | . 16 6 3 . 44 43 66 Core Hits 99 | . 12 5 15 . 19 20 28 Critical Kills 2 | . . . . . . 1 1 Critical Parts Destroyed 1 | . . . . . . . 1 Critical Strikes 3 | . . . . . . 1 2 Destroy 2 | . . . . . . 1 1 Smash 1 | . . . . . . . 1 Melee Attacks 8 | . . . . . . . 8 Impact 8 | . . . . . . . 8 Slashing . | . . . . . . . . Piercing . | . . . . . . . . Sneak Attacks 3 | . . . . . . . 3 Combat Hostiles . | . . . . . . . . Follow-up Attacks . | . . . . . . . . Damage Inflicted 4916 | . 220 130 593 . 1378 856 1739 Guns 2085 | . 220 25 . . 214 856 770 Cannons 1124 | . . 105 21 . 633 . 365 Explosions 1178 | . . . 572 . 531 . 75 Melee 464 | . . . . . . . 464 Ramming 65 | . . . . . . . 65 Kinetic 2450 | . 220 25 . . 214 856 1135 Thermal 857 | . . 105 119 . 633 . . Explosive 1005 | . . . 474 . 531 . . Electromagnetic 75 | . . . . . . . 75 Impact 464 | . . . . . . . 464 Slashing . | . . . . . . . . Piercing . | . . . . . . . . Highest Corruption 3 | . 2 . . . 2 . 3 Average Corruption 2 | . 2 . . . 2 . 2 Corruption Purged 3 | . . . . . . . 3 Corruption Blocked . | . . . . . . . . Effects 5 | . 1 . . . 3 . 1 Message Errors 3 | . 1 . . . 1 . 1 Data Loss (minor) 1 | . . . . . 1 . . Alerts 1 | . . . . . 1 . . Overload Shots . | . . . . . . . . Overflow Damage 310 | . . . 10 . 67 . 233 Projectiles 2 | . . . . . 2 . . Explosions 75 | . . . 10 . 65 . . Melee 233 | . . . . . . . 233 Knockbacks 5 | . . . . . . . 5 Impact 3 | . . . . . . . 3 Kinetic 2 | . . . . . . . 2 Secondary . | . . . . . . . . Self-Inflicted Damage 175 | . . . 48 . 93 . 34 Shots 6 | . . . 2 . 3 . 1 Rammed 9 | . . . . . . . 9 Targets Rammed 9 | . . . . . . . 9 Kicked . | . . . . . . . . Crushed . | . . . . . . . . Highest Temperature 458 | . . 57 108 . 458 204 304 Average Temperature 101 | . . 35 41 . 160 57 109 Received Heat Transfer 516 | . 12 21 . . 234 18 231 Effects 11 | . . . . . 8 . 3 Shutdowns 2 | . . . . . 2 . . Energy Bleed 2 | . . . . . 2 . . Interference 5 | . . . . . 2 . 3 Matter Decay 1 | . . . . . 1 . . Short Circuit 1 | . . . . . 1 . . Siege Activations . | . . . . . . . . Robots Corrupted . | . . . . . . . . Combat Hostiles . | . . . . . . . . Parts Fried . | . . . . . . . . Impact Corruptions 7 | . . . . . . . 7 Robots Melted . | . . . . . . . . Combat Hostiles . | . . . . . . . . Parts Melted 1 | . . . . . 1 . . Heat Transferred 1519 | . . 185 187 . 1147 . . Parts Sabotaged . | . . . . . . . . Parts Stolen . | . . . . . . . . Parts Stripped . | . . . . . . . . Power Chain Reactions . | . . . . . . . . Alert | -11 -10 -9 -9 -9 -8 -8 -7 ------- Run | Yrd Mat Mat Min Exi Min Mat Fac Peak Influence 345 | . 174 185 232 . 253 198 345 Initial 89 | . . 73 72 . . 39 89 Average 118 | . 113 134 146 . 89 69 205 Maximum Alert Level 1 | . . . 1 . 1 . 1 Low Security (%) 83 | 100 100 100 57 . 97 100 45 Level 1 16 | . . . 42 . 2 . 54 Level 2 . | . . . . . . . . Level 3 . | . . . . . . . . Level 4 . | . . . . . . . . Level 5 . | . . . . . . . . High Security . | . . . . . . . . Max Security . | . . . . . . . . Squads Dispatched 11 | . 2 1 . . . 1 7 Investigation 4 | . 1 . . . . . 3 Extermination 1 | . . . . . . . 1 Reinforcement 6 | . 1 1 . . . 1 3 Assault . | . . . . . . . . Garrison . | . . . . . . . . Intercept . | . . . . . . . . Searches Triggered . | . . . . . . . . Construction Impeded 1 | . . . . . . . 1 Haulers Reinforced . | . . . . . . . . Active Scanning Responses . | . . . . . . . . Cargo Convoy Interrupts . | . . . . . . . . Stealth | -11 -10 -9 -9 -9 -8 -8 -7 --------- Run | Yrd Mat Mat Min Exi Min Mat Fac Distress Signals 2 | . . 1 . . . . 1 Communications Jammed . | . . . . . . . . Distress Signals . | . . . . . . . . Times Spotted 83 | . 9 8 6 . 14 20 26 Peak Tracking Total 7 | . 3 4 4 . 4 6 7 Tactical Retreats 6 | . . . . . 1 . 5 Traps | -11 -10 -9 -9 -9 -8 -8 -7 ------- Run | Yrd Mat Mat Min Exi Min Mat Fac Traps Triggered 2 | . 2 . . . . . . Indirectly . | . . . . . . . . Trap Hack Attempts . | . . . . . . . . Triggered . | . . . . . . . . Disarmed . | . . . . . . . . Reprogrammed . | . . . . . . . . Reused . | . . . . . . . . Traps Extracted . | . . . . . . . . Installed . | . . . . . . . . Triggered . | . . . . . . . . Machines | -11 -10 -9 -9 -9 -8 -8 -7 ---------- Run | Yrd Mat Mat Min Exi Min Mat Fac Machines Disabled 9 | . . . 4 . 1 2 2 Max in Single Turn 4 | . . . 4 . 1 2 2 Machines Repaired . | . . . . . . . . Machines Dismantled . | . . . . . . . . Machines Sabotaged . | . . . . . . . . Overloaded Fab Kills . | . . . . . . . . Hacking | -11 -10 -9 -9 -9 -8 -8 -7 --------- Run | Yrd Mat Mat Min Exi Min Mat Fac Machines Accessed 15 | . 2 . . 1 . 5 7 Terminals 9 | . 2 . . . . 4 3 Fabricators 2 | . . . . . . . 2 Repair Stations . | . . . . . . . . Recycling Units 2 | . . . . . . . 2 Scanalyzers 1 | . . . . . . 1 . Garrison Access . | . . . . . . . . Total Hacks 46 | . 5 . . 1 . 21 19 Successful 28 | . . . . 1 . 15 12 Failed 18 | . 5 . . . . 6 7 Catastrophic . | . . . . . . . . Database Lockouts . | . . . . . . . . Manual 21 | . 5 . . 1 . 12 3 Terminals 25 | . 5 . . . . 14 6 Fabricators 6 | . . . . . . . 6 Repair Stations . | . . . . . . . . Recycling Units 7 | . . . . . . . 7 Scanalyzers 7 | . . . . . . 7 . Garrison Access . | . . . . . . . . Terminal Hacks 7 | . . . . 1 . 4 2 Record 1 | . . . . 1 . . . Part Schematic 3 | . . . . . . 3 . Branch Access Points 1 | . . . . . . . 1 Recycling Unit Index 1 | . . . . . . . 1 Unreport Threat 1 | . . . . . . 1 . Fabricator Hacks 3 | . . . . . . . 3 Load Schematic 2 | . . . . . . . 2 Build 1 | . . . . . . . 1 Repair Station Hacks . | . . . . . . . . Recycling Unit Hacks 5 | . . . . . . . 5 Process 3 | . . . . . . . 3 Retrieve Matter 2 | . . . . . . . 2 Scanalyzer 7 | . . . . . . 7 . Insert Component 3 | . . . . . . 3 . Analyze 4 | . . . . . . 4 . Garrison Access Hacks . | . . . . . . . . Unauthorized Hacks 6 | . . . . . . 4 2 Terminals 6 | . . . . . . 4 2 Botnet 6 | . . . . . . 4 2 Fabricators . | . . . . . . . . Repair Stations . | . . . . . . . . Recycling Units . | . . . . . . . . Scanalyzers . | . . . . . . . . Garrison Access . | . . . . . . . . Data Cores Recovered . | . . . . . . . . Used . | . . . . . . . . Hacking Detections 14 | . 2 . . . . 5 7 Full Trace Events 4 | . 1 . . . . . 3 Feedback Events . | . . . . . . . . Feedback Blocked . | . . . . . . . . Robot Schematics Acquired . | . . . . . . . . Robots Built . | . . . . . . . . Authchips . | . . . . . . . . Time . | . . . . . . . . Total Robot Build Rating . | . . . . . . . . Part Schematics Acquired 5 | . . . . . . 5 . Parts Built . | . . . . . . . . Authchips . | . . . . . . . . Time 95 | . . . . . . . 95 Total Part Build Rating . | . . . . . . . . Parts Repaired . | . . . . . . . . Time . | . . . . . . . . Parts Recycled . | . . . . . . . . Recycled Matter 125 | . . . . . . . 125 Retrieved Matter 104 | . . . . . . . 104 Retrieved Components . | . . . . . . . . Parts Scanalyzed 2 | . . . . . . 2 . Part Schematics Acquired 2 | . . . . . . 2 . Parts Damaged . | . . . . . . . . Bothacking | -11 -10 -9 -9 -9 -8 -8 -7 ------------ Run | Yrd Mat Mat Min Exi Min Mat Fac Used RIF Installer . | . . . . . . . . Robots Hacked . | . . . . . . . . Non-combat . | . . . . . . . . Combat . | . . . . . . . . Robot Hacks Applied . | . . . . . . . . Relay Couplers Released . | . . . . . . . . Fabnet Peak Effective % . | . . . . . . . . Robots Rewired . | . . . . . . . . Allies Hacked . | . . . . . . . . Hacks Repelled . | . . . . . . . . Allies | -11 -10 -9 -9 -9 -8 -8 -7 -------- Run | Yrd Mat Mat Min Exi Min Mat Fac Total Allies . | . . . . . . . . Largest Group . | . . . . . . . . Highest-Rated Group . | . . . . . . . . Highest-Rated Ally . | . . . . . . . . Total Orders . | . . . . . . . . Ally Attacks . | . . . . . . . . Total Damage . | . . . . . . . . Kills . | . . . . . . . . Allies Corrupted . | . . . . . . . . Allies Melted . | . . . . . . . . Intel | -11 -10 -9 -9 -9 -8 -8 -7 ------- Run | Yrd Mat Mat Min Exi Min Mat Fac Robot Analysis Total . | . . . . . . . . Derelict Logs Recovered 1 | . . . 1 . . . . Drone Launches . | . . . . . . . . Drone Recoveries . | . . . . . . . . Exploration | -11 -10 -9 -9 -9 -8 -8 -7 ------------- Run | Yrd Mat Mat Min Exi Min Mat Fac Turns Passed 4481 | 62 388 207 361 600 938 1067 858 Spaces Moved 2822 | 40 182 91 233 316 429 467 1064 Core 21 | 21 . . . . . . . Treads . | . . . . . . . . Legs 1737 | 19 182 91 233 316 429 467 . Wheels . | . . . . . . . . Hover 1064 | . . . . . . . 1064 Flight . | . . . . . . . . Fastest Speed 49 | 50 120 120 120 120 190 190 49 Average Speed 130 | 117 171 172 141 189 190 192 50 Slowest Speed 200 | 200 190 190 190 190 190 193 113 Overloaded Moves . | . . . . . . . . Propulsion Burnouts . | . . . . . . . . Robots Hopped . | . . . . . . . . Cave-ins Triggered . | . . . . . . . . Exploration Rate (%) 42 | 4 36 15 59 74 89 38 23 Regions Visited 7 Branch Regions 3 Pre-discovered Areas 2 | . . . 1 1 . . . Known Exits Taken 1 | . . . . . . 1 . Unknown Exits Taken 6 | 1 1 1 1 1 1 . . Scrap Searched 2 | . . . 1 . 1 . . Spaces Dug 3 | . . . . . . . 3 Terrain Destroyed 196 | . . . 118 . 62 4 12 Melee 3 | . . . . . . . 3 Projectile 14 | . . . 2 . 1 2 9 AOE 177 | . . . 116 . 61 . . Terrain Rammed . | . . . . . . . . Walls Destroyed . | . . . . . . . . Machines Disabled . | . . . . . . . . Actions | -11 -10 -9 -9 -9 -8 -8 -7 --------- Run | Yrd Mat Mat Min Exi Min Mat Fac Total 3311 | 54 213 123 248 317 483 572 1301 Wait 143 | . . 15 . . . 12 116 Move 2815 | 39 181 90 232 315 428 466 1064 Hop . | . . . . . . . . Pick Up 79 | 8 7 6 4 . 8 29 17 Fast Attach . | . . . . . . . . Attach 35 | 6 2 2 . . 7 6 12 Detach 2 | . . . . . . . 2 Swap 46 | 1 1 2 2 2 6 11 21 Drop 40 | . . . 2 . 3 17 18 Fire 134 | . 22 8 8 . 31 31 34 Melee 8 | . . . . . . . 8 Ram 9 | . . . . . . . 9 Kick . | . . . . . . . . Crush . | . . . . . . . . Escape Stasis . | . . . . . . . . Rewire . | . . . . . . . . Trap . | . . . . . . . . Miscellaneous . | . . . . . . . . Route ------- -11/Scrapyard -10/Materials -9/Materials -9/Mines -9/Exiles -8/Mines (discovered 2 exits: *Mat x2) -8/Materials (discovered 4 exits: *Fac x3 / [*Sto]) -7/Factory (discovered 2 exits: Low x2) History --------- Turn | Location | Event 30 | -11/Scrapyard | Discovered new exit (range 15) 63 | -11/Scrapyard | Entered Materials 277 | -10/Materials | Discovered new exit (range 4) 302 | -10/Materials | Build established: Mutant 451 | -10/Materials | Entered another Materials area 451 | -9/Materials | Evolved 2 slots: Propulsion x1, Weapon x1 618 | -9/Materials | Discovered new exit (range 11) 658 | -9/Materials | Entered Mines 745 | -9/Mines | Received a Rocket Launcher from a helpful Derelict 747 | -9/Mines | Build established: Gunner 793 | -9/Mines | Assembled infested the area 798 | -9/Mines | Assisted by a Guerilla fighting off Assembled 986 | -9/Mines | Learned 8 Materials zone layouts 999 | -9/Mines | Learned location of Storage (-8) 1013 | -9/Mines | Deemed a non-threat by the Exiles lab entrance 1014 | -9/Mines | Discovered new exit (range 5) 1019 | -9/Mines | Entered Exiles 1064 | -9/Exiles | Met 8R-AWN 1094 | -9/Exiles | Met EX-HEX 1170 | -9/Exiles | Met EX-DEC 1184 | -9/Exiles | Learned location of Zion (-7) 1224 | -9/Exiles | Met EX-BIN 1464 | -9/Exiles | Visited The Gauntlet 1590 | -9/Exiles | Discovered new exit (range 14) 1619 | -9/Exiles | Entered Mines 1665 | -8/Mines | Lost 4 parts (3n1w) 1720 | -8/Mines | Discovered new exit (range 15) 1920 | -8/Mines | Build established: Scavenger-Gunner 2393 | -8/Mines | Core integrity fell below 50% 2419 | -8/Mines | Discovered new exit (range 6) 2557 | -8/Mines | Entered Materials 2557 | -8/Materials | Evolved 2 slots: Utility x2 2558 | -8/Materials | Identified exit to Factory 2716 | -8/Materials | Discovered new exit (range 14) 2959 | -8/Materials | Build established: Tank 3521 | -8/Materials | Discovered exit to Factory (range 16) 3624 | -8/Materials | Entered Factory 3624 | -7/Factory | Evolved 2 slots: Propulsion x2 3779 | -7/Factory | Identified exit to Lower Caves 4482 | -7/Factory | Self-destructed Last Messages --------------- 04448_ Acquired 12 matter. 04452_ U-05 Engineer builds a Wall. 04462_ Slug penetrates Wall. 04463_ K-01 Serf cleans the Fabricator. 04465_ Slug penetrates Wall. 04466_ K-01 Serf cleans the Fabricator. 04468_ Slug penetrates Fabricator. 04468_ G-47 Trooper knocked back. 04468_ Slug penetrates Wall. 04469_ Wall collapses. 04469_ Imp. Hover Unit destroyed. 04472_ Slug penetrates Wall. 04472_ Aerolev Unit destroyed. 04472_ Slug penetrates G-47 Trooper. 04476_ G-47 Trooper destroyed. 04478_ Cmb. Airjet destroyed. 04478_ Slug penetrates Wall. 04479_ K-01 Serf collects debris. 04480_ Imp. Light Armor Plating destroyed. 04481_ Slug penetrates Wall. Map ----- +----------------------------------------------------+ | ???#########?????????????????????????????????????? | | ?????????????????????????????????????????????????? | | ?????????????????????????????????????????????????? | | ?????????????????????????????????????????????????? | | ?????????????????????????????????????????????????? | | ?????????????????????????????????????????????????? | | ?????????????????????????????????????????????????? | | ?????????????????######??????????????????????????? | | ?????????????????# #??????????????????????????? | | ?????????????????# "#??????????????????????????? | | ?????????????????# "#??????????????????????????? | | ################## "#??????????????????????????? | | + T#??????????????????????????? | | ############# "#??????????????????????????? | | #???????????# "#??????????????????????????? | | #???????????# "#??????????????????????????? | | #???????????# #??????????????????????????? | | #???????????######??????????????????????????? | | #???????????????????????????????????????????? | | ##+##########????########??????????????????????? | | # #????# #??????????????????????? | | # #????# """" #??????????????????????? | | # #????# "F " ##?????????????????????? | | # #????# %##?????????????????????? | | # #??### rgg #??????????????????????? | | # #??# # =g@##?????????????????????? | | # = #??######/##g## #??????????????????? | | ###+#######+###??# = * hgk #??????????????????? | | #### =#####+#??????????????????? | | ###??????????????????????? | | "" #????????????????????????? | | #????????????????????????? | | = = ###+###+###??????????????????????? | | # #??????????????????????? | | * """ # * #??????????????????????? | | = """ # #??????????????????????? | | =! """ + """ """ #??????????????????????? | | * # """ """ #??????????????????????? | | = # """ """ #??????????????????????? | | # #??????????????????????? | | #######+#### ## #??????????????????????? | | ?# ! # ############??????????????????????? | | ?# """ # #?????????????????????????????????? | | ?# "" """ # ??????????????????????????????????? | | ?# "" """ # ??????????????????????????????????? | | ?# "Y "" #?????????????????????????????????????? | | ?# "" "" #?????????????????????????????????????? | | ?# "" #?????????????????????????????????????? | | ?# #?????????????????????????????????????? | | ?###########?????????????????????????????????????? | +----------------------------------------------------+ Best States ------------- Heat Dissipation 56 Energy Generation 18 Energy Capacity 310 Matter Stores 300 Matter Capacity 300 Sight Range 16 Robot Scan Range 15 Terrain Scan Density 10 Armor Coverage 375 Evasion (%) 55 Item Schematics ----------------- Hcp. Matter Pod | -8/Materials | Hacked Lrg. Storage Unit | -8/Materials | Hacked Hcp. Storage Unit | -8/Materials | Hacked Cmb. Airjet | -8/Materials | Scanalyzed Hacking Suite | -8/Materials | Scanalyzed Robot Schematics ------------------ None Fabricated ------------ Nothing Alien Tech Used ----------------- None Achievements -------------- Fist Fight Challenges ------------ None Game ------ Seed MolecularZioniteExoskeleton Manual? 0 Play Time 00:51:33 Cumulative 61.6 hours Start 2024.04.09 @ 10:45:43 End 2024.04.09 @ 11:36:22 Sessions 1 Manual Loads 0 Difficulty Rogue Special Mode None Game No. 78 Rogue 78 Adventurer 0 Explorer 0 Win Type - Total 1 Types 1/0/0/0/0/0/0/0/0 Lore% 34 Gallery% 36 Achievement% 38 Wizard Run 0 Options --------- Layout 1 ASCII 0 Keyboard 0 Movement Mouse Keybinds 0 Fullscreen 2 Font 32/Smallcaps Map View 50x40 Zoom Use 0% Tactical HUD 1 Map Filters NONE Filters NONE Steam 1 RUN: 0ae90d22-93e8-4159-be02-ac768ded365d